 Dungeon Crawl Stone Soup version 0.30.0-20-g3b4254fcbd (webtiles) character file.

Game seed: 8497486704724429956

26738 Peloso the Carver (level 13, -10/116 HPs)
             Began as a Minotaur Fighter on June 2, 2023.
             Was a High Priest of Okawaru.
             Killed from afar by a deep elf zephyrmancer (32 damage)
             ... with a bolt of lightning
             ... on level 1 of the Orcish Mines.
             The game lasted 00:32:30 (16433 turns).

Peloso the Carver (Minotaur Fighter)               Turns: 16433, Time: 00:32:31

Health: -10/116    AC: 27    Str: 24    XL:     13   Next: 0%
Magic:  13/13      EV:  6    Int:  5    God:    Okawaru [*****.]
Gold:   149        SH: 17    Dex: 12    Spells: 12/12 levels left

rFire   + . .        a - +4 scimitar (flame)
rCold   + + .        d - +0 kite shield
rNeg    . . .        o - +4 gold dragon scales
rPois   +            (helmet restricted)
rElec   .            y - +1 cloak {Stlth+}
rCorr   .            (no gloves)
SInv    .            i - +0 pair of boots
Will    .....        g - amulet of reflection Stlth
                     P - ring of flight
HPRegen 0.39/turn    L - ring of protection from cold
MPRegen 0.13/turn

%: reflection
@: flying
A: horns 2, retaliatory headbutt
a: Renounce Religion, Heroism, Finesse, Duel


You were on level 1 of the Orcish Mines.
You worshipped Okawaru.
Okawaru was extremely pleased with you.
You visited 4 branches of the dungeon, and saw 16 of its levels.

You collected 1029 gold pieces.
You spent 880 gold pieces at shops.

Inventory:

Hand Weapons
 a - a +4 scimitar of flaming (weapon)
 b - the +5 Force Lance {heavy, knockback}
   (You found it on level 6 of the Dungeon)
 c - a +2 long sword of electrocution
Missiles
 A - 3 throwing nets (quivered)
Armour
 d - a +0 kite shield (worn)
 i - a +0 pair of boots (worn)
 o - +4 gold dragon scales (worn)
 y - a +1 cloak of stealth (worn)
Jewellery
 g - an amulet of reflection (around neck)
 u - a ring of poison resistance
 K - a +6 ring of intelligence
 L - a ring of protection from cold (right hand)
 O - a ring of protection from fire
 P - a ring of flight (left hand)
 Q - an amulet of regeneration
 R - an amulet of guardian spirit
 T - a ring of magical power
 U - a ring of ice
Wands
 r - a wand of flame (13)
 V - a wand of iceblast (6)
Scrolls
 j - 7 scrolls of blinking
 n - 2 scrolls of noise
 q - 2 scrolls of amnesia
 s - 5 scrolls of teleportation
 C - a scroll of immolation
 D - a scroll of brand weapon
 E - 4 scrolls of poison
 F - 3 scrolls of fear
 G - a scroll of silence
 H - 2 scrolls of magic mapping {unknown}
 J - a scroll of summoning {unknown}
 M - 2 scrolls of vulnerability {unknown}
Potions
 e - 2 potions of cancellation
 f - 2 potions of magic
 h - 2 potions of flight
 k - 3 potions of ambrosia
 l - 8 potions of curing
 p - 3 potions of brilliance
 t - 3 potions of mutation
 v - 2 potions of invisibility
 w - 5 potions of might
 x - 2 potions of berserk rage
 B - 2 potions of haste
 I - a potion of heal wounds
 N - a potion of resistance {unknown}
Miscellaneous
 m - a lightning rod (4/4)


   Skills:
 + Level 11.1 Fighting
 + Level 14.4 Long Blades
 + Level 6.8 Polearms
 + Level 13.6 Armour
 + Level 4.3 Dodging
 + Level 1.6 Stealth
 + Level 12.0 Shields
 + Level 2.3 Invocations
 + Level 0.5 Evocations


You had 12 spell levels left.
You didn't know any spells.
Your spell library contained the following spells:

 Spells                   Type           Power      Damage    Failure   Level
 Blink                    Tloc           0%         N/A       100%        2
 Ensorcelled Hibernation  Hex/Ice        0%         N/A       100%        2
 Confusing Touch          Hex            0%         N/A       100%        3
 Dazzling Flash           Conj/Hex       0%         N/A       100%        3
 Ozocubu's Armour         Ice            0%         N/A       100%        3
 Spider Form              Tmut/Pois      0%         N/A       100%        3
 Volatile Blastmotes      Fire/Tloc      0%         2d10      100%        3
 Anguish                  Hex/Necr       0%         N/A       100%        4
 Iskenderun's Mystic Bla  Conj/Tloc      0%         2d3       100%        4
 Manifold Assault         Tloc           0%         N/A       100%        4
 Starburst                Conj/Fire      0%         6d3       100%        6
 Ozocubu's Refrigeration  Ice            0%         4d7       100%        7
 Storm Form               Tmut/Air       0%         N/A       100%        7


Dungeon Overview and Level Annotations

Branches:
Dungeon (11/15)            Temple (1/1) D:4            Lair (3/5) D:8
 Shoals (0/4) Lair:3       Spider (0/4) Lair:3          Orc (1/2) D:10

Altars:
Ashenzari
Cheibriados
Dithmenos
Elyvilon
Hepliaklqana
Kikubaaqudgha
Makhleb
Nemelex Xobeh
Okawaru
Qazlal
Ru
Trog
Uskayaw
Vehumet
Wu Jian
Xom
Yredelemnul
Zin
The Shining One

Shops:
D:4 *

Portals:
Trove: D:10 (give 6 scrolls of fear)

Annotations:
Lair:1 3 runed translucent doors, exclusion: oklob plant, DildoBatman's ghost, journeyman FoCj
Lair:2 1 runed translucent door, exclusion: oklob plant, purpleHaze's ghost, journeyman HuGl


Innate Abilities, Weirdness & Mutations

You have a pair of horns on your head.
You reflexively headbutt those who attack you in melee.


Message History

The deep elf pyromancer casts a spell at you.
The bolt of fire hits you. You resist.
You feel better. You block the orc's attack.
The deep elf pyromancer casts a spell at you.
The bolt of fire hits you. You resist.
The deep elf zephyrmancer attacks as you move away!
You block the deep elf zephyrmancer's attack.
The orc knight roars a battlecry!
The orcs go into a battle-frenzy!
The deep elf zephyrmancer points at you and mumbles some strange words.
The bolt of lightning hits you!! x2
A troll comes into view.
You block the orc's attack.
The deep elf pyromancer casts a spell.
You hear a shout!
Items here: $ )) †.
You slash the orc wizard! You burn the orc wizard.
You kill the orc wizard!
Okawaru accepts your kill.
The deep elf zephyrmancer points at you and mumbles some strange words.
The bolt of lightning misses you.
The bolt of lightning hits the fire elemental.
The fire elemental resists.
The bolt of lightning hits the fire elemental!
The fire elemental resists.
The bolt of lightning hits you!!
* * * LOW HITPOINT WARNING * * *
You block the orc's attack.
The deep elf pyromancer casts a spell at you.
The bolt of fire hits you but does no damage.
The deep elf zephyrmancer gestures wildly while chanting.
The deep elf zephyrmancer blinks!
Blink to where?
Press: ? - help, Dir - move target An orc wizard comes into view.
It is wielding a +0 dagger.
As you read the scroll of blinking, it crumbles to dust.
The orc wizard casts a spell at you.
The magic dart hits you but does no damage.
The deep elf zephyrmancer points at you and mumbles some strange words.
The bolt of lightning hits you!!
You die...

#..#.#..##
#))......... ..
#...##
#☼o.e....... .
##...#
#○$.o#.#...
##[####E..#...##.
##).##..##..##..
#....#§....T....
##...........$...
#.............$..
##...$@.#........
###.............
###...........
#..[[...e...
#..))o...☼○#
#....#......#
##.#.##.....#
#.#... .....#
#...o........#


You could see 2 deep elf zephyrmancers, a troll, a fire elemental (summoned), an
orc warrior (strong), an orc wizard and an orc.

Vanquished Creatures
  A catoblepas (Lair:2)
  A boulder beetle (Lair:1)
  Erica (D:8)
  2 two-headed ogres (D:9)
  Sonja (D:11)
  A skyshark (Lair:3)
  An orc sorcerer (Orc:1)
  5 deep elf pyromancers (Orc:1)
  A lindwurm (Lair:2)
  A deep elf zephyrmancer (D:10)
  An ugly thing (D:11)
  A cyclops (D:11)
  A manticore (D:11)
  2 merfolk sirens (Lair:3)
  A torpor snail (Lair:1)
  Maurice (D:10)
  A black mamba (Lair:3)
  3 cane toads (Lair:1)
  2 gargoyles (D:11)
  4 komodo dragons
  3 rime drakes
  Prince Ribbit (D:5)
  2 polar bears (Lair:2)
  2 merfolk (Lair:3)
  10 blink frogs
  3 wraiths
  A spriggan (Lair:2)
  Sigmund (D:3)
  15 yaks
  2 basilisks (Lair:1)
  3 steam dragons
  Menkaure (D:7)
  4 vampire mosquitoes (D:10)
  An acid dragon (D:9)
  5 water moccasins
  3 ice beasts (D:8)
  10 orc warriors
  An ogre (Orc:1)
  2 black bears
  11 wolves
  3 centaurs
  2 phantoms (D:5)
  Blork the orc (D:5)
  2 kobold brigands
  9 bullfrogs
  4 scorpions
  5 wights (D:9)
  2 howler monkeys (D:11)
  7 hounds
  A jelly (D:6)
  4 orc priests
  A gnoll bouda (D:7)
  2 sleepcaps (D:6)
  4 hell rats (Lair:1)
  7 iguanas
  12 orc wizards
  11 gnolls
  11 adders
  A white imp (D:8)
  3 ufetubi
  47 orcs
  3 bats
  13 endoplasms
  2 giant cockroaches
  9 hobgoblins
  5 jackals
  14 kobolds
  6 quokkas
  5 ball pythons
  4 goblins
  8 rats
321 creatures vanquished.

Notes
Turn   | Place    | Note
-------+----------+-------------------------------------------
     0 | D:1      | Peloso the Minotaur Fighter began the quest for the Orb.
     0 | D:1      | Reached XP level 1. HP: 19/19 MP: 0/0
   219 | D:1      | Reached XP level 2. HP: 26/27 MP: 1/1
  1187 | D:2      | Reached XP level 3. HP: 27/33 MP: 2/2
  1253 | D:2      | Found a basalt altar of Yredelemnul.
  1296 | D:2      | Reached skill level 3 in Long Blades
  1625 | D:2      | Reached XP level 4. HP: 41/41 MP: 3/3
  1698 | D:2      | Reached skill level 4 in Long Blades
  2108 | D:3      | Noticed Sigmund
  2139 | D:3      | Reached XP level 5. HP: 47/47 MP: 4/4
  2178 | D:3      | Killed Sigmund
  2179 | D:3      | Reached skill level 5 in Long Blades
  2179 | D:3      | Reached skill level 5 in Armour
  2179 | D:3      | Reached XP level 6. HP: 39/55 MP: 5/5
  2246 | D:3      | Found a faded altar of an unknown god.
  2739 | D:4      | Reached skill level 1 in Dodging
  2860 | D:4      | Found a staircase to the Ecumenical Temple.
  2864 | Temple   | Entered the Ecumenical Temple
  3088 | Temple   | Became a worshipper of Warmaster Okawaru
  3355 | D:4      | Found Haama Neni's General Store.
  3369 | D:4      | Reached skill level 6 in Long Blades
  3505 | D:4      | Got the Tome of the Wind and Guile
  3578 | D:4      | Noticed an orc warrior
  3599 | D:5      | Entered Level 5 of the Dungeon
  3604 | D:5      | Found a sacrificial altar of Ru.
  3676 | D:5      | Reached skill level 5 in Fighting
  3676 | D:5      | Reached skill level 5 in Shields
  3676 | D:5      | Reached XP level 7. HP: 60/61 MP: 6/6
  3709 | D:5      | Reached * piety under Okawaru
  3838 | D:5      | Noticed Blork the orc
  3853 | D:5      | Killed Blork the orc
  4025 | D:5      | Found a sparkling altar of Nemelex Xobeh.
  4167 | D:5      | Noticed Prince Ribbit
  4184 | D:5      | Killed Prince Ribbit
  4185 | D:5      | Reached skill level 7 in Long Blades
  4185 | D:5      | Reached XP level 8. HP: 42/70 MP: 5/7
  4579 | D:6      | Identified the +0 robe "Adwaola" {rCorr Str+3}
  4680 | D:6      | Reached skill level 8 in Long Blades
  4846 | D:6      | Found the +5 Force Lance {heavy, knockback}
  5128 | D:6      | Reached ** piety under Okawaru
  5359 | D:7      | Reached XP level 9. HP: 68/78 MP: 8/8
  5535 | D:7      | Noticed Menkaure
  5545 | D:7      | Killed Menkaure
  5987 | D:8      | Noticed Erica
  6019 | D:8      | Killed Erica
  6020 | D:8      | Reached skill level 5 in Polearms
  6155 | D:8      | Noticed a rime drake
  6172 | D:8      | Killed a rime drake
  6173 | D:8      | Reached skill level 9 in Long Blades
  6188 | D:8      | Reached *** piety under Okawaru
  6411 | D:8      | Found a staircase to the Lair.
  6524 | D:8      | Reached XP level 10. HP: 72/86 MP: 9/9
  6716 | D:8      | Reached skill level 1 in Invocations
  7095 | D:9      | Noticed a two-headed ogre
  7179 | D:9      | Killed a two-headed ogre
  7292 | D:9      | Reached skill level 10 in Long Blades
  7768 | D:9      | Noticed a two-headed ogre
  7774 | D:9      | Killed a two-headed ogre
  7774 | D:9      | Reached **** piety under Okawaru
  7775 | D:9      | Reached skill level 10 in Armour
  8016 | D:10     | Entered Level 10 of the Dungeon
  8282 | D:10     | Found a portal to a secret trove of treasure.
  8295 | D:10     | Found an ancient bone altar of Kikubaaqudgha.
  8418 | D:10     | Found a bloodstained altar of Trog.
  8787 | D:10     | Reached skill level 11 in Long Blades
  8790 | D:10     | Reached ***** piety under Okawaru
  8791 | D:10     | Reached XP level 11. HP: 42/94 MP: 8/11
  9001 | D:10     | Found a staircase to the Orcish Mines.
  9824 | D:11     | Reached skill level 1 in Stealth
 10091 | D:11     | Noticed a red ugly thing
 10108 | D:11     | Killed a red ugly thing
 10387 | D:11     | Noticed Sonja
 10468 | D:11     | Killed Sonja
 10866 | Lair:1   | Entered Level 1 of the Lair of Beasts
 10906 | Lair:1   | Found a runed translucent gate.
 10907 | Lair:1   | Found a runed translucent gate.
 10908 | Lair:1   | Found a runed translucent gate.
 11022 | Lair:1   | Reached skill level 12 in Long Blades
 11089 | Lair:1   | Noticed an oklob plant
 11458 | Lair:1   | Reached skill level 10 in Shields
 11699 | Lair:1   | Noticed DildoBatman's ghost (journeyman FoCj)
 12144 | Lair:1   | Noticed a boulder beetle
 12159 | Lair:1   | Killed a boulder beetle
 12887 | D:4      | Bought +0 gold dragon scales for 880 gold pieces
 13128 | Lair:2   | Reached skill level 13 in Long Blades
 13128 | Lair:2   | Reached XP level 12. HP: 106/106 MP: 12/12
 13347 | Lair:2   | Noticed a catoblepas
 13401 | Lair:2   | Killed a catoblepas
 13592 | Lair:2   | Reached skill level 10 in Fighting
 13843 | Lair:2   | Found a runed translucent door.
 13845 | Lair:2   | Noticed purpleHaze's ghost (journeyman HuGl)
 13848 | Lair:2   | Identified the +4 spear of Dismay {vamp, Int+3}
 14375 | Lair:3   | Found a hole to the Spider Nest.
 14507 | Lair:3   | Found a staircase to the Shoals.
 14539 | Lair:3   | Reached ****** piety under Okawaru
 14785 | Lair:3   | Reached skill level 14 in Long Blades
 15778 | Orc:1    | Entered Level 1 of the Orcish Mines
 15822 | Orc:1    | Identified the +1 buckler of the Enchanted Forest {rPois}
                  | (Okawaru gifted it to you on level 1 of the Orcish Mines)
 15822 | Orc:1    | Received a gift from Okawaru
 15854 | Orc:1    | Paralysed by an orc sorcerer for 4 turns
 16292 | Orc:1    | Noticed Maurice
 16301 | D:10     | Killed Maurice
 16416 | D:10     | Reached XP level 13. HP: 114/116 MP: 11/13
 16433 | Orc:1    | Killed from afar by a deep elf zephyrmancer

Illustrated notes

Levels and vault maps discovered:
D:1:      nzn_arrival_water_spiral, layout_basic, minmay_distorted
D:2:      layout_loops_ring, basic_altar, kennysheep_nondescript,
          minmay_misc_feat_cross
D:3:      layout_basic, ebering_ecumenical_altar_ruins, uniq_sigmund
D:4:      minmay_diamond_boxcup, layout_loops_cross, minmay_temple_entry_grid,
          kennysheep_small_circle
D:5:      layout_gridville, nicolae_ru_sacrificial_ziggurat,
          nemelex_spade_bored_becter, minmay_misc_feat_pillars,
          uniq_blork_the_orc, uniq_prince_ribbit1
D:6:      layout_basic, minmay_misc_feat_enclosed, kennysheep_generic_room_6
D:7:      layout_rooms, dreamdust_gnoll_farm, uniq_menkaure
D:8:      layout_basic, hellmonk_lair_entry_icy, st_stairs_3, uniq_erica
D:9:      layout_small_grid
D:10:     layout_basic, mainiacjoe_overflow_large_starburst, david_orc_4,
          enter_trove_2
D:11:     layout_stronghold, kennysheep_flooded_box, uniq_sonja
Temple:   dpeg_five_rooms_temple
Lair:1:   layout_long_grid, gammafunk_ghost_icy
Lair:2:   minmay_lair_oklob_tunnel, layout_chaotic_city,
          ebering_ghost_funeral_grove, grunt_forest_stairs_clearing
Lair:3:   layout_regular_city, elwin_shoals_entry_stream, dummy_spider_entry,
          grunt_megastairs_2
Orc:1:    layout_caves, basic_altar, elves_outpost_lemuel, uniq_maurice

Skill      XL: |  1  2  3  4  5  6  7  8  9 10 11 12 13 |
---------------+----------------------------------------+-----
Fighting       | 4 5 6 7 8 9 11 | 11.1
Armour         | 4 5 6 7 9 10 11 13 | 13.6
Shields        | 4 5 6 7 9 10 11 12 | 12.0
Long Blades    | 3 4 5 6 7 8 9 11 13 14 | 14.4
Dodging        | 1 2 3 4 |  4.3
Polearms       | 2 6 |  6.8
Invocations    | 1 2 |  2.3
Stealth        | 1 |  1.6
Evocations     | |  0.5

Action                     |  1- 3 |  4- 6 |  7- 9 | 10-12 | 13-15 || total
---------------------------+-------+-------+-------+-------+-------++-------
  Melee: Long sword        |    64 |   171 |    97 |       |       ||   332
         Headbutt          |     7 |    33 |    36 |   157 |       ||   233
         Lance             |       |       |    80 |       |       ||    80
         Scimitar          |       |       |    44 |   705 |     4 ||   753
 Invoke: Heroism           |       |       |     5 |    22 |       ||    27
  Evoke: Wand              |       |       |     2 |     3 |       ||     5
    Use: Potion            |     4 |     1 |     1 |     2 |     1 ||     9
         Scroll            |     1 |     5 |    10 |    14 |     1 ||    31
 Armour: Chain mail        |    37 |    92 |   118 |   101 |       ||   348
         Scale mail        |     1 |       |       |       |       ||     1
         Gold dragon scale |       |       |       |   151 |     4 ||   155
  Dodge: Dodged            |    15 |    44 |    75 |   165 |     2 ||   301
  Block: Buckler           |     9 |    89 |   109 |   137 |       ||   344
         Reflection        |       |       |    10 |    18 |     1 ||    29
         Kite shield       |       |       |       |   313 |     8 ||   321
